 Dungeon Crawl Stone Soup version 0.30-a0-23-ge60ba3568b (webtiles) character file.

Game seed: 1456412043193938838

597 ragingrage the Magician (level 7, -6/51 HPs)
             Began as a Djinni Ice Elementalist on Aug 25, 2022.
             Was a High Priest of Ignis.
             Mangled by Duvessa
             ... wielding a +0 short sword
              (12 damage)
             ... on level 5 of the Dungeon.
             The game lasted 00:08:04 (5560 turns).

ragingrage the Magician (Djinni Ice Elementalist)   Turns: 5560, Time: 00:08:05

Health: -6/51      AC:  4    Str: 11 (12) XL:     7   Next: 68%
Gold:   163        EV: 14    Int: 20      God:    Ignis [*****.] SH:  0 Dex: 25

rFire   + + .      SeeInvis .    i - +2 dagger (venom)
rCold   x . .      Faith    .    (no shield)
rNeg    . . .      Spirit   .    a - +0 robe
rPois   ∞          Reflect  .    (helmet restricted)
rElec   .          Harm     .    (no cloak)
rCorr   .          Rampage  .    (no gloves)
Will    .....                    (boots unavailable)
Stlth   ++........               (no amulet)
HPRegen 0.17/turn                c - +6 ring of strength
MPRegen 0.00/turn                l - ring "Awoqomac" {Wiz rF- Int+2 Dex+8 Stlth-}

@: about to teleport, on blink cooldown, flying
A: sickness immunity, fire resistance 2, cold vulnerability 1, float, innate
caster, HP casting, extra vitality 1, antennae 1, iridescent scales 1, agile 1,
deterioration 1
a: Renounce Religion, Fiery Armour, Foxfire Swarm, Rising Flame


You were on level 5 of the Dungeon.
You worshipped Ignis.
Ignis was extremely pleased with you.
You visited 1 branch of the dungeon, and saw 5 of its levels.
You also visited: Sewer.

You collected 163 gold pieces.

Inventory:

Hand Weapons
 i - a +2 dagger of venom (weapon)
 t - a +4 scimitar of protection
Missiles
 m - 5 poisoned darts
 p - 2 throwing nets
Armour
 a - a +0 robe (worn)
Jewellery
 c - a +6 ring of strength (left hand)
 l - the ring "Awoqomac" (right hand) {Wiz rF- Int+2 Dex+8 Stlth-}
   (You took it off a goblin on level 3 of the Dungeon)

   [ring of wizardry]

   It improves your spell success rate.
   Int:       It affects your intelligence (+2).
   Dex:       It affects your dexterity (+8).
   rF:        It makes you vulnerable to fire.
   Stlth:     It makes you less stealthy.
Scrolls
 d - a scroll of immolation
 f - a scroll of brand weapon
 k - a scroll of teleportation
 n - a scroll of vulnerability {unknown}
 o - a scroll of magic mapping {unknown}
 q - a scroll of fog {unknown}
 r - 5 scrolls of identify
 s - a scroll of amnesia {unknown}
 u - a scroll of enchant armour {unknown}
Potions
 b - a potion of berserk rage {unknown}
 e - a potion of invisibility {unknown}
 g - a potion of lignification
 h - 3 potions of curing
 j - 2 potions of mutation
 v - a potion of brilliance {unknown}


   Skills:
 + Level 3.8 Fighting
 - Level 2.7 Dodging
 - Level 2.1 Stealth
 * Level 5.7 Spellcasting


You couldn't memorise any spells.
You knew the following spells:

 Your Spells              Type           Power      Damage    Failure   Level
a - Freeze                Ice            100%       1d11      1%          1
b - Frozen Ramparts       Ice            56%        1d9       1%          3
c - Ozocubu's Armour      Ice            28%        N/A       1%          3
d - Hailstorm             Conj/Ice       28%        3d8       4%          4
e - Slow                  Hex            100%       N/A       1%          1
f - Blink                 Tloc           56%        N/A       1%          2
g - Teleport Other        Tloc           28%        N/A       1%          3
Your spell library was empty.

Dungeon Overview and Level Annotations

Branches:
Dungeon (5/15)              Sewer (visited)
 Temple: D:4-7

Altars:
Fedhas
Uskayaw
Ignis

Shops:
D:2 (

Annotations:
D:4 exclusion: 2 downstairs
D:5 Duvessa, Grinder, Sigmund


Innate Abilities, Weirdness & Mutations

You are immune to sickness and miasma.
You are immune to poison.
Your flesh is very heat resistant. (rF++)
You are vulnerable to cold. (rC-)
You float through the air rather than walking.
You learn spells naturally, not from books.
Your magical power is your life essence.
You have superior vitality. (+4 MHP)
You have a pair of small antennae on your head.
You are partially covered in iridescent scales. (AC +2)
You are agile. (Dex +4, Str/Int -1)
Your body sometimes deteriorates upon taking damage.


Message History

Duvessa goes berserk!
The wall freezes the bullfrog!
You kill the bullfrog!
You hit Duvessa.
Duvessa is poisoned.
Duvessa is lightly wounded.
The wall freezes Duvessa.
Duvessa hits you with a +0 short sword!
You hit Duvessa.
Duvessa looks as sick as possible!
Duvessa is moderately wounded.
The wall freezes Duvessa.
Duvessa hits you with a +0 short sword.
The wall freezes Duvessa but does no damage.
Duvessa hits you with a +0 short sword.
You hit Duvessa.
Duvessa looks as sick as possible!
Duvessa is moderately wounded.
The frozen ramparts melt away.
Duvessa barely misses you.
You closely miss Duvessa.
Duvessa is moderately wounded.
Duvessa hits you with a +0 short sword.
* * * LOW HITPOINT WARNING * * *
Duvessa hits you with a +0 short sword.
* * * LOW HITPOINT WARNING * * *
Your body deteriorates!
You feel weakened.
Okay, then.
Okay, then.
Casting: Ozocubu's Armour (safe; 1% risk of failure)
Confirm with . or Enter, or press ? or * to list all spells.
Your icy armour will break if you move.
Continue?
You blink.
Your icy armour cracks and falls away as you move.
Grinder shouts!
* * * LOW HITPOINT WARNING * * *
As you read the scroll labelled YHASYVAANOIT, it crumbles to dust.
It is a scroll of brand weapon.
Your +4 scimitar of freezing projects an invisible shield of force!
t - a +4 scimitar of protection Unknown command.
Okay, then.
As you read the scroll labelled JILAX MONKUI, it crumbles to dust.
You feel strangely unstable.
It was a scroll of teleportation.
Grinder misses you. Duvessa attacks as you move away!
Duvessa hits you with a +0 short sword!
You die...

..h......#
.....<....#
..........###
............
............
..........###
..........#########..
.......5e.<)†........
#....@##########...
#######


You could see Grinder and Duvessa (berserk, very poisoned).

Vanquished Creatures
  An ogre (D:4)
  A phantom (D:4)
  Blork the orc (D:4)
  A bullfrog (D:5)
  Dowan (D:5)
  A hound (D:5)
  Robin (D:3)
  3 gnolls (D:4)
  A river rat (Sewer)
  8 adders
  3 dart slugs
  An orc (D:3)
  6 ball pythons
  7 endoplasms
  8 giant cockroaches
  18 goblins
  9 hobgoblins
  3 jackals (D:1)
  4 quokkas
  6 bats
  7 frilled lizards
  8 kobolds
  3 rats
102 creatures vanquished.

Notes
Turn   | Place    | Note
-------+----------+-------------------------------------------
     0 | D:1      | ragingrage the Djinni Ice Elementalist began the quest for
                  | the Orb.
     0 | D:1      | ragingrage set off with the following spells memorised:
                  | Freeze, Frozen Ramparts, Ozocubu's Armour, Hailstorm.
     0 | D:1      | Reached XP level 1. HP: 15/15 MP: 0/0
   297 | D:1      | Reached XP level 2. HP: 16/21 MP: 0/0
   873 | D:1      | Reached XP level 3. HP: 5/25 MP: 0/0
   873 | D:1      | Learned a level 1 spell: Slow
  1913 | D:2      | Reached XP level 4. HP: 22/31 MP: 0/0
  2099 | D:2      | Found a faded altar of an unknown god.
  2107 | D:2      | Prayed at the altar of an unknown god.
  2107 | D:2      | Became a worshipper of Ignis, the Dying Flame
  2123 | D:2      | Reached skill level 1 in Fighting
  2144 | D:2      | Found Helup's Weapon Emporium.
  2769 | D:3      | Reached skill level 4 in Spellcasting
  2795 | D:3      | Identified the ring "Awoqomac" {Wiz rF- Int+2 Dex+8 Stlth-}
  2956 | D:3      | Noticed Robin
  2962 | D:3      | Killed Robin
  2963 | D:3      | Reached XP level 5. HP: 21/37 MP: 0/0
  2963 | D:3      | Learned a level 2 spell: Blink
  3130 | D:3      | Found a blossoming altar of Fedhas.
  3638 | D:4      | Found a glowing drain.
  3672 | Sewer    | Entered a sewer
  4144 | Sewer    | Reached XP level 6. HP: 27/43 MP: 0/0
  4381 | D:4      | HP: 2/43 [phantom (5)]
  4385 | D:4      | Gained mutation: Your body sometimes deteriorates upon
                  | taking damage. [potion of mutation]
  4385 | D:4      | Gained mutation: You are partially covered in iridescent
                  | scales. (AC +2) [potion of mutation]
  4385 | D:4      | Gained mutation: You have a pair of small antennae on your
                  | head. [potion of mutation]
  4385 | D:4      | Gained mutation: You are agile. (Dex +4, Str/Int -1)
                  | [potion of mutation]
  4674 | D:4      | Identified the ring "Ykem" {Fly Will+ MP+9}
  4934 | D:4      | Found a hide-covered altar of Uskayaw.
  4947 | D:4      | Noticed Blork the orc
  4950 | D:4      | Killed Blork the orc
  4951 | D:4      | Reached skill level 5 in Spellcasting
  4951 | D:4      | Reached XP level 7. HP: 31/50 MP: 0/0
  4951 | D:4      | Learned a level 3 spell: Teleport Other
  5511 | D:5      | Entered Level 5 of the Dungeon
  5511 | D:5      | Noticed Sigmund
  5511 | D:5      | Noticed Grinder
  5511 | D:5      | Noticed Dowan
  5545 | D:5      | Noticed Duvessa
  5552 | D:5      | Killed Dowan
  5560 | D:5      | Mangled by Duvessa

Illustrated notes

Levels and vault maps discovered:
D:1:      evilmike_arrival_crescent, layout_rooms,
          nicolae_concentric_dashed_squares_mild
D:2:      layout_basic, serial_shops, nicolae_shop_waterfront,
          chequers_ecumenical_altar_simple
D:3:      layout_loops_ring, overflow_temple_1_default, grunt_ministairs_8,
          uniq_robin
D:4:      layout_basic, lemuel_doored_altar,
          nicolae_uskayaw_murder_on_the_dancefloor, gup_sewer_entry_glass,
          dreamdust_princess_corridor, uniq_blork_the_orc
D:5:      layout_rooms, zin_purify, grunt_temple_overflow_open, uniq_sigmund,
          uniq_grinder, uniq_duvessa

Skill      XL: |  1  2  3  4  5  6 |
---------------+-------------------+-----
Stealth        | 2 |  2.1
Fighting       | 1 2 3 |  3.8
Spellcasting   | 4 5 |  5.7
Dodging        | |  2.7

Action                   |  1- 3 |  4- 6 |  7- 9 || total
-------------------------+-------+-------+-------++-------
Melee: Dagger            |    17 |   145 |    20 ||   182
       Unarmed           |     1 |       |       ||     1
       Mace              |    19 |       |       ||    19
       Punch             |       |     1 |       ||     1
 Cast: Freeze            |    44 |    23 |       ||    67
       Frozen Ramparts   |     2 |     6 |     2 ||    10
       Slow              |       |     4 |     1 ||     5
       Ozocubu's Armour  |       |     3 |     2 ||     5
       Hailstorm         |       |     2 |       ||     2
       Teleport Other    |       |       |     2 ||     2
       Blink             |       |       |     1 ||     1
  Use: Potion            |       |     3 |       ||     3
       Scroll            |       |     1 |     2 ||     3
 Stab: Sleeping          |     2 |     2 |     1 ||     5
Armor: Robe              |    17 |    24 |     6 ||    47
       Skin              |       |     2 |       ||     2
Dodge: Dodged            |    47 |    86 |    10 ||   143

Table legend: (Time is in decaauts)
 A = Elapsed time spent in this place.
 B = Non-inter-level travel time spent in this place.
 C = Inter-level travel time spent in this place.
 D = Time resting spent in this place.
 E = Time spent auto-exploring this place.
 F = Levels seen in this place.
 G = Mean time per level.
                   A        B        C        D        E       F      G
               +--------+--------+--------+--------+--------+-----+--------+
         Total |   5561 |   5426 |    135 |   1483 |   3117 |   6 |  926.8 |
       Dungeon |   4920 |   4785 |    135 |   1483 |   2637 |   5 |  984.0 |
         Sewer |    640 |    640 |      0 |      0 |    480 |   1 |  640.0 |
               +--------+--------+--------+--------+--------+-----+--------+

Top non-repeatable levels by time:
     D:1: 1887 daAuts
     D:4: 1267 daAuts
     D:3: 1061 daAuts
     D:2: 680 daAuts
   Sewer: 640 daAuts
     D:5: 23 daAuts
